 Dungeon Crawl Stone Soup version 0.19.0-19-g8c6edcc (webtiles) character file.

417 Remedyn the Shield-Bearer (level 7, -6/54 HPs)
             Began as a Formicid Fighter on Nov 14, 2016.
             Killed by nerve-wracking pain
             ... invoked by Menkaure
              (9 damage)
             ... on level 4 of the Dungeon.
             The game lasted 00:11:17 (4088 turns).

Remedyn the Shield-Bearer (Formicid Fighter)        Turns: 4088, Time: 00:11:18

Health: -6/54      AC: 12    Str: 22    XL:     7   Next: 15%
Magic:  7/7        EV:  5    Int:  8    God:
Gold:   268        SH: 10    Dex: 10    Spells: 0 memorised, 6 levels left

rFire  . . .     SeeInvis +     a - +0 war axe
rCold  . . .     Gourm    .     i - +0 plate armour
rNeg   . . .     Faith    .     c - +0 shield
rPois  .         Spirit   .     (helmet unavailable)
rElec  .         Reflect  .     (no cloak)
rCorr  .         Harm     .     (no gloves)
MR     .....                    (no boots)
Stlth  ..........               p - amulet of magic regeneration
                                t - ring of flight
                                (no ring)

@: no status effects
A: permanent stasis, dig shafts and tunnels, four strong arms, antennae 3
a: Dig, Shaft Self, Evoke Flight


You were on level 4 of the Dungeon.
You were not hungry.

You visited 1 branch of the dungeon, and saw 4 of its levels.

You collected 268 gold pieces.

Inventory:

Hand Weapons
 a - a +0 war axe (weapon)
Missiles
 e - 145 stones (quivered)
Armour
 b - a +0 scale mail
 c - a +0 shield (worn)
 i - a +0 plate armour (worn)
Jewellery
 p - an amulet of magic regeneration (around neck)
 t - a ring of flight (right hand)
 y - an uncursed amulet of the gourmand {unknown}
 z - an uncursed ring of resist corrosion {unknown}
Wands
 l - a wand of acid (6/15)
 q - a wand of disintegration (14/24)
Scrolls
 h - a scroll of blinking {unknown}
 o - a scroll of immolation
 u - a scroll of teleportation {unknown}
 w - a scroll of enchant weapon {unknown}
Potions
 d - a potion of might
 f - 3 potions of curing {unknown}
 j - a potion of haste {unknown}
 k - a potion of berserk rage {unknown}
 r - a potion of heal wounds {unknown}
 s - a potion of cure mutation {unknown}
Books
 m - a book of Cantrips

   Spells                             Type                      Level
   a - Confusing Touch                Hexes                        1
   b - Animate Skeleton               Necromancy                   1
   c - Summon Small Mammal            Summoning                    1
   d - Apportation                    Translocation                1
 v - a book of Minor Magic

   Spells                             Type                      Level
   a - Magic Dart                     Conjuration                  1
   b - Blink                          Translocation                2
   c - Call Imp                       Summoning                    2
   d - Repel Missiles                 Charms/Air                   2
   e - Slow                           Hexes                        2
   f - Conjure Flame                  Conjuration/Fire             3
   g - Mephitic Cloud                 Conjuration/Poison/Air       3
Comestibles
 g - 2 fruits
 n - a beef jerky
 x - a bread ration


   Skills:
 + Level 4.2 Fighting
 + Level 4.6 Axes
 + Level 4.7 Armour
 - Level 0.8 Dodging
 + Level 0.3 Stealth
 + Level 5.4 Shields


You had 6 spell levels left.
You didn't know any spells.

Dungeon Overview and Level Annotations

Branches:
Dungeon (4/15)
 Temple: D:4-7

Altars:
Ashenzari

Annotations:
D:4 Menkaure


Innate Abilities, Weirdness & Mutations

You are under a permanent stasis effect.
You can dig through walls and to a lower floor.
Your four strong arms can wield two-handed weapons with a shield.
You have a pair of large antennae on your head. (SInv)


Message History

You slash the orc!
You kill the orc!
You slash the orc priest! You block the orc priest's attack.
The orc priest hits you with a morningstar.
* * * LOW HITPOINT WARNING * * *
Menkaure gestures wildly while chanting.
Things that are here:
a club; an orc corpse The orc priest calls down the wrath of Beogh upon you.
Pain shoots through your body!
* * * LOW HITPOINT WARNING * * *
The orc wizard casts a spell.
The orc priest calls down the wrath of Beogh upon you.
Beogh smites you!
* * * LOW HITPOINT WARNING * * *
Menkaure points at you and mumbles some strange words.
You struggle to resist.
Menkaure gestures at you while chanting.
Pain shoots through your body!
You die...

............)....................
).............#..................
.................................
.>....###....#...................
...#### ##.o...####...........###
##.# ##.#M#### ###.........###
..# #{.#....# ###...........#
..#######.#####.###.....>.....#..
#####{.{..# #.@...........[.##.
...)o.##### ####..........#####
####### ##.........# #.......รท.#
###########


You could see Menkaure and an orc priest.

Vanquished Creatures
  A water moccasin (D:4)
  A scorpion (D:4)
  An orc wizard (D:4)
  An iguana (D:4)
  A worker ant (D:4)
  Robin (D:3)
  6 adders
  3 oozes (D:1)
  2 adder skeletons (D:4)
  3 worms
  2 dart slugs (D:1)
  A leopard gecko (D:4)
  6 orcs
  A ball python (D:2)
  4 giant cockroaches
  14 goblins
  9 hobgoblins
  A jackal (D:1)
  2 quokkas
  2 bats
  3 frilled lizards
  3 jackal skeletons (D:4)
  10 kobolds
  6 rats
84 creatures vanquished.

Notes
Turn   | Place    | Note
-------+----------+-------------------------------------------
     0 | D:1      | Remedyn the Formicid Fighter began the quest for the Orb.
     0 | D:1      | Reached XP level 1. HP: 18/18 MP: 1/1
   169 | D:1      | Reached skill level 4 in Shields
   169 | D:1      | Reached XP level 2. HP: 16/24 MP: 2/2
   523 | D:1      | Reached XP level 3. HP: 26/29 MP: 3/3
  1035 | D:2      | Reached XP level 4. HP: 33/37 MP: 4/4
  1808 | D:2      | Found a shattered altar of Ashenzari.
  2178 | D:3      | Noticed Robin
  2183 | D:3      | Reached XP level 5. HP: 42/42 MP: 5/5
  2209 | D:3      | Killed Robin
  3028 | D:4      | Reached skill level 5 in Shields
  3028 | D:4      | Reached XP level 6. HP: 16/48 MP: 6/6
  3767 | D:4      | Noticed a water moccasin
  3785 | D:4      | Killed a water moccasin
  3785 | D:4      | Reached XP level 7. HP: 25/54 MP: 7/7
  4065 | D:4      | Noticed Menkaure
  4080 | D:4      | HP: 2/54 [orc priest/divine providence (8)]
  4088 | D:4      | Killed from afar by Menkaure

Skill      XL: |  1  2  3  4  5  6 |
---------------+-------------------+-----
Shields        | 4 5 |  5.4
Axes           | 3 4 |  4.6
Armour         | 4 |  4.7
Fighting       | 4 |  4.2
Dodging        | |  0.8
Stealth        | |  0.3

Action                   |  1- 3 |  4- 6 |  7- 9 || total
-------------------------+-------+-------+-------++-------
Melee: War axe           |    88 |   217 |     7 ||   312
  Use: Scroll            |     1 |     2 |       ||     3
  Eat: Bread ration      |       |     1 |       ||     1
       Chunk             |       |     1 |       ||     1
       Meat ration       |       |     1 |       ||     1
       Fruit             |       |     1 |       ||     1
Armor: Scale mail        |    30 |    75 |       ||   105
       Plate armour      |       |    28 |     5 ||    33
Dodge: Dodged            |    26 |    83 |     2 ||   111
Block: Shield            |    47 |   147 |     6 ||   200
